cohdb
Replays
Latest Replays
All Replays
Popular Replays
Top Player Replays
Match Explorer
How It Works
Community
CoH3 Stats
Reddit
Sign in to upload your games and track your stats! →
Sign in with Steam
Match 41357091
Unlisted
Match 41357091
Overview
Messages
Build Orders
End
Panzergrenadier Squad
Panzergrenadier Squad
250 Light Carrier
Construct Light Support Kompanie
MG34 Team
Assault Mechanized Group
Panzerjäger Squad
Fire Support Elements
Combat Half-tracks
Selects Panzerjäger Kommand Battlegroup
Selects Tank Busters
Selects Mine Fields
Selects Defensive Positions
AI Takeover
カルト_くん
Comandante[BLR]
Artas
Flash
0
0
Comments
sign in to comment!
No comments posted yet!